 Dungeon Crawl Stone Soup version 0.23.1 (webtiles) character file.

Game seed: 311267146497792481

16522 Borgoz the Covert (level 12, -6/72 HPs)
             Began as a Gargoyle Enchanter on Mar 9, 2019.
             Was a Priest of Ashenzari.
             Mangled by a vault guard
             ... wielding a +0 dire flail
              (18 damage)
             ... on level 13 of the Dungeon on Mar 10, 2019.
             The game lasted 00:34:04 (16021 turns).

Borgoz the Covert (Gargoyle Enchanter)             Turns: 16021, Time: 00:34:06

Health: -6/72      AC: 20    Str: 14    XL:     12   Next: 38%
Magic:  11/22      EV: 14    Int: 17    God:    Ashenzari [***...]
Gold:   661        SH:  0    Dex: 14    Spells: 18/24 levels left

rFire    . . .     SeeInvis +   a - +0 dagger (elec)
rCold    + . .     Gourm    .   (no shield)
rNeg     + . .     Faith    .   p - +2 ring mail {MR+} (curse)
rPois    ∞         Spirit   .   (no helmet)
rElec    +         Reflect  .   H - +0 cloak
rCorr    .         Harm     .   (no gloves)
MR       +....                  n - +0 pair of boots
Stlth    ++++......             (no amulet)
HPRegen  0.22/turn              s - ring "Egeg Jyd" {rElec rC+ Int+2}
MPRegen  0.18/turn              B - ring of wizardry

@: no status effects
A: negative energy resistance 1, electricity resistance, unbreathing,
petrification resistance, rot immunity, AC +8
a: Curse Item, Scrying, Renounce Religion


You were on level 13 of the Dungeon.
You worshipped Ashenzari.
Ashenzari was most pleased with you.
You were hungry.

You visited 2 branches of the dungeon, and saw 14 of its levels.

You collected 661 gold pieces.

Inventory:

Hand Weapons
 a - a +0 dagger of electrocution (weapon)
 b - a +0 blowgun
 F - a +0 short sword of venom
Missiles
 v - 2 throwing nets (quivered)
 D - 33 poisoned needles
Armour
 n - a +0 pair of boots (worn)
 p - a cursed +2 ring mail of magic resistance (worn)
 x - a +1 ring mail of fire resistance
 E - a +0 troll leather armour
 H - a +0 cloak (worn)
Jewellery
 s - the ring "Egeg Jyd" (left hand) {rElec rC+ Int+2}
   (You found it on level 8 of the Dungeon)

   [ring of protection from cold]

   It affects your intelligence (+2).
   It protects you from cold.
   It insulates you from electricity.
 B - a ring of wizardry (right hand)
 J - an uncursed ring of fire
 N - a cursed ring of fire
Wands
 h - a wand of paralysis (11)
 A - a wand of disintegration (16)
 C - a wand of acid (8)
 G - a wand of polymorph (11)
 I - a wand of flame (30)
Scrolls
 e - 5 scrolls of remove curse
 j - 3 scrolls of magic mapping
 l - 2 scrolls of fear
 m - a scroll of immolation
 u - 2 scrolls of teleportation
 y - a scroll of amnesia
 K - a scroll of enchant weapon {unknown}
 M - a scroll of enchant armour {unknown}
Potions
 c - 5 potions of mutation
 f - 5 potions of flight
 g - 3 potions of curing
 i - a potion of haste
 k - 2 potions of brilliance
 o - 2 potions of invisibility
 q - a potion of heal wounds
 r - 2 potions of berserk rage
 t - a potion of magic
 w - a potion of agility
 L - a potion of cancellation
Comestibles
 d - 25 rations
 z - 6 chunks of flesh


   Skills:
 - Level 7.1 Fighting
 + Level 9.2 Short Blades
 + Level 7.3 Armour
 + Level 6.3 Dodging
 + Level 9.9 Stealth
 + Level 6.7 Spellcasting
 + Level 7.0 Hexes
 - Level 0.2 Ice Magic


You had 18 spell levels left.
You knew the following spells:

 Your Spells              Type           Power        Failure   Level  Hunger
a - Corona                Hex            ####...      1%          1    None
b - Ensorcelled Hibernat  Hex/Ice        ###...       3%          2    None
c - Confuse               Hex            ####....     1%          3    ##.....

Your spell library contained the following spells:

 Spells                   Type           Power        Failure   Level  Hunger
 Tukima's Dance           Hex            ####....     1%          3    ##.....
 Dazzling Spray           Conj/Hex       ###...       6%          3    ##.....


Dungeon Overview and Level Annotations

Branches:
Dungeon (13/15)            Temple (0/1) D:5            Lair (1/6) D:10
    Orc (0/2) D:12
 Vaults: D:13-14

Altars:
Ashenzari
Cheibriados
Fedhas
Kikubaaqudgha
Makhleb
Okawaru
Ru
Sif Muna
Trog
Uskayaw
Zin

Shops:
D:10 (


Innate Abilities, Weirdness & Mutations

You are resistant to torment.
Your stone body is resilient. (AC +8)
You are immune to poison.
You resist negative energy. (rN+)
You are resistant to electric shocks. (rElec)
You can survive without breathing.
You are immune to petrification.
You are immune to rotting.


Message History

A water moccasin comes into view.
Found a +0 chain mail.
A vault guard comes into view. It is wielding a +0 great sword.
The vault guard shouts!
Something shouts, "Embrace thy doom, thou reeling-ripe rump-fed clotpole!"
The vault guard hits you with a +0 great sword.
The vault guard hits you with a +0 great sword!
* * * LOW HITPOINT WARNING * * *
A vault guard comes into view. It is wielding a +3 battleaxe.
The vault guard shouts!
The vault guard moves out of view.
Ashenzari will now reveal the unseen.
The vault guard shouts!
The shadow imp hits you but does no damage.
The vault guard misses you.
Things that are here:
a +0 short sword; a +0 ring mail; a scroll of identify The vault guard barely misses you.
The shadow imp barely misses you.
The vault guard hits you with a +0 dire flail!!
You die...

#######..# #...#####...........
.........#####...................
.................................
.#####.....................(.....
.# #.............#######..#####
.# #.......p...!.#######..# .#
#.....p....p...........##### ..
..........5pp................. ..
...........p.@................
[,...............................
...............................
..............^...............
........................#####
...####.############...# * ..* #.
** #...** # #. *, , ,, . , ,
...........


You could see 6 vault guards and a shadow imp.

Vanquished Creatures
  3 two-headed ogres
  2 unseen horrors (D:12)
  A deep elf mage (D:13)
  A cyclops (D:12)
  A centaur zombie (D:11)
  3 trolls
  A meliai (D:8)
  Prince Ribbit (D:6)
  2 hippogriffs
  16 yaks
  2 shadows (D:12)
  A vampire (D:12)
  A spriggan (D:10)
  A water elemental (D:12)
  3 wyverns
  4 hungry ghosts
  Grum (D:9)
  Menkaure (D:6)
  Edmund (D:6)
  A water moccasin (D:7)
  A porcupine (D:10)
  3 black bears
  5 orc warriors
  3 sky beasts
  An ice beast (D:12)
  A necrophage (D:11)
  4 wolves (D:9)
  3 ogres
  2 phantoms
  A crocodile (D:12)
  3 big kobolds
  11 bullfrogs
  Blork the orc (D:5)
  A wyvern zombie (D:12)
  A wyvern skeleton (D:6)
  3 scorpions
  A water moccasin skeleton (D:5)
  15 killer bees
  3 wights (D:9)
  4 howler monkeys
  3 jellies
  9 crimson imps
  A quasit (D:7)
  11 hounds
  5 orc priests
  3 centaur skeletons
  6 bullfrog skeletons
  6 orc wizards
  3 iron imps (D:9)
  2 iguanas
  11 worker ants
  A hound skeleton (D:11)
  A hound zombie (D:5)
  A worker ant zombie (D:11)
  4 gnolls
  11 adders
  2 shadow imps (D:5)
  An ooze (D:5)
  3 worms
  3 dart slugs
  6 leopard geckos
  29 orcs
  3 ball pythons
  5 giant cockroaches
  5 goblins
  10 hobgoblins
  15 jackals
  19 kobolds
  9 quokkas
  5 bats
  7 frilled lizards
  A jackal zombie (D:8)
  A leopard gecko zombie (D:7)
  A quokka skeleton (D:6)
  7 rats
324 creatures vanquished.

Vanquished Creatures (others)
  A fungus (D:10)
1 creature vanquished.

Grand Total: 325 creatures vanquished

Notes
Turn   | Place    | Note
-------+----------+-------------------------------------------
     0 | D:1      | Borgoz the Gargoyle Enchanter began the quest for the Orb.
     0 | D:1      | Reached XP level 1. HP: 10/10 MP: 3/3
   202 | D:1      | Reached XP level 2. HP: 9/15 MP: 5/5
   353 | D:1      | Learned a level 2 spell: Ensorcelled Hibernation
   392 | D:1      | Reached skill level 1 in Short Blades
   791 | D:1      | Reached XP level 3. HP: 16/19 MP: 6/6
  1500 | D:2      | Reached XP level 4. HP: 2/24 MP: 4/7
  2184 | D:2      | Found a deep blue altar of Sif Muna.
  2270 | D:3      | Reached skill level 5 in Stealth
  2270 | D:3      | Reached XP level 5. HP: 15/28 MP: 1/8
  2757 | D:3      | Found an iron altar of Okawaru.
  2757 | D:3      | Found an ancient bone altar of Kikubaaqudgha.
  2758 | D:3      | Found a shattered altar of Ashenzari.
  2796 | D:3      | Became a worshipper of Ashenzari the Shackled
  2845 | D:3      | Found a snail-covered altar of Cheibriados.
  2943 | D:3      | Found a blossoming altar of Fedhas.
  3938 | D:3      | Learned a level 3 spell: Confuse
  3946 | D:3      | Reached skill level 1 in Armour
  3946 | D:3      | Reached XP level 6. HP: 20/33 MP: 0/9
  4363 | D:4      | Noticed a phantom
  4375 | D:4      | Killed a phantom
  4375 | D:4      | Reached skill level 1 in Fighting
  4466 | D:4      | Reached XP level 7. HP: 38/38 MP: 11/11
  4500 | D:4      | Found a glowing silver altar of Zin.
  4735 | D:4      | Noticed a moth of wrath
  4737 | D:4      | Found a bloodstained altar of Trog.
  4936 | D:5      | Entered Level 5 of the Dungeon
  5778 | D:5      | Reached * piety under Ashenzari
  5805 | D:5      | Found a staircase to the Ecumenical Temple.
  6223 | D:5      | Reached XP level 8. HP: 29/44 MP: 0/12
  6525 | D:5      | Noticed Blork the orc
  6535 | D:5      | Killed Blork the orc
  7134 | D:6      | Noticed Prince Ribbit
  7603 | D:6      | Killed Prince Ribbit
  7703 | D:6      | Noticed Edmund
  7732 | D:6      | Killed Edmund
  8009 | D:6      | Reached XP level 9. HP: 33/51 MP: 1/15
  8282 | D:7      | Reached skill level 5 in Short Blades
  8552 | D:7      | Noticed Menkaure
  8779 | D:6      | Killed Menkaure
  9622 | D:8      | Found a sacrificial altar of Ru.
  9698 | D:8      | Reached skill level 5 in Hexes
  9706 | D:8      | Noticed a meliai
  9720 | D:8      | Killed a meliai
  9720 | D:8      | Reached XP level 10. HP: 13/58 MP: 7/17
  9995 | D:8      | Identified the ring "Egeg Jyd" {rElec rC+ Int+2}
 10497 | D:8      | Reached skill level 5 in Armour
 10577 | D:9      | Reached skill level 5 in Spellcasting
 10883 | D:9      | Reached skill level 5 in Fighting
 11180 | D:9      | Found a hide-covered altar of Uskayaw.
 11314 | D:9      | Noticed Grum
 11489 | D:9      | Killed Grum
 11490 | D:9      | Found a burning altar of Makhleb.
 12137 | D:10     | Entered Level 10 of the Dungeon
 12269 | D:10     | Reached skill level 5 in Dodging
 12429 | D:10     | Found a staircase to the Lair.
 12446 | Lair:1   | Entered Level 1 of the Lair of Beasts
 12560 | D:10     | Reached ** piety under Ashenzari
 12566 | D:10     | Reached XP level 11. HP: 58/64 MP: 19/19
 12578 | D:10     | Found Zuvusyop's Weapon Emporium.
 12877 | D:10     | Noticed a two-headed ogre
 12883 | D:10     | Killed a two-headed ogre
 13192 | D:11     | Noticed a two-headed ogre
 13199 | D:11     | Killed a two-headed ogre
 14404 | D:12     | Noticed a two-headed ogre
 14412 | D:12     | Killed a two-headed ogre
 14597 | D:12     | Reached XP level 12. HP: 59/71 MP: 7/21
 15187 | D:12     | Found a staircase to the Orcish Mines.
 15958 | D:13     | Noticed a vault guard
 15959 | D:13     | Noticed a vault guard
 15962 | D:13     | Noticed a vault guard
 15964 | D:13     | Noticed a vault guard
 16008 | D:13     | Noticed a vault guard
 16014 | D:13     | Noticed a vault guard
 16015 | D:13     | Reached *** piety under Ashenzari
 16021 | D:13     | Mangled by a vault guard

Skill      XL: |  1  2  3  4  5  6  7  8  9 10 11 12 |
---------------+-------------------------------------+-----
Hexes          | 3 4 5 6 7 |  7.0
Short Blades   | 1 2 3 4 6 7 8 9 |  9.2
Stealth        | 4 5 6 7 8 9 |  9.9
Dodging        | 2 3 4 5 6 |  6.3
Armour         | 1 2 3 4 5 6 7 |  7.3
Fighting       | 1 2 3 4 5 6 7 |  7.1
Spellcasting   | 3 4 5 6 |  6.7
Ice Magic      | |  0.2

Action                   |  1- 3 |  4- 6 |  7- 9 | 10-12 || total
-------------------------+-------+-------+-------+-------++-------
Melee: Dagger            |   126 |   420 |  1114 |   873 ||  2533
 Cast: Ensorcelled Hiber |     4 |    17 |    72 |    76 ||   169
       Confuse           |       |     2 |    11 |     4 ||    17
       Corona            |       |       |     1 |       ||     1
Invok: Curse Item        |       |     1 |       |       ||     1
  Use: Scroll            |       |     2 |     8 |    12 ||    22
       Potion            |       |       |     1 |     3 ||     4
 Stab: Sleeping          |     9 |    13 |    28 |    49 ||    99
       Confused          |       |     3 |     3 |       ||     6
       Distracted        |       |       |     1 |       ||     1
  Eat: Chunk             |     2 |    12 |    18 |    21 ||    53
       Ration            |       |       |     2 |     1 ||     3
Armor: Robe              |    35 |    51 |       |       ||    86
       Ring mail         |       |   142 |   503 |   371 ||  1016
Dodge: Dodged            |    69 |   265 |   593 |   450 ||  1377
